cohdb
Replays
Latest Replays
All Replays
Popular Replays
Top Player Replays
Match Explorer
How It Works
Community
CoH3 Stats
Reddit
Sign in to upload your games and track your stats! →
Sign in with Steam
Match 46010407
Unlisted
Match 46010407
Overview
Messages
Build Orders
End
Construct Barracks
Selects Advanced Infantry Battlegroup
Riflemen Squad
M1 Mortar Team
Riflemen Squad
Infantry Support Center
Selects Convert to Ranger Squad
Convert to Ranger Squad
Construct Motor Pool
M8 Greyhound Armored Car
Selects Ammunition Storage
Construct Medical Station
Engineer Squad
Ranger Squad
Selects M2A1 105mm Howitzer Emplacement
M8 Greyhound Armored Car
tianfenhua123
Amadeus
PovrsAncr
con_007
A Sassy Badger
Give ma Life 4 Pakistannn
0
0
Comments
sign in to comment!
No comments posted yet!